 Dungeon Crawl Stone Soup version 0.22-a0-231-g1b571ea (webtiles) character file.

907 tidbits the Insei (level 8, -4/60 HPs)
             Began as a Gnoll Transmuter on Feb 20, 2018.
             Killed from afar by an electric eel (9 damage)
             ... with a bolt of electricity
             ... on level 6 of the Dungeon.
             The game lasted 00:13:37 (1488 turns).

tidbits the Insei (Gnoll Transmuter)                Turns: 1488, Time: 00:13:37

Health: -4/60      AC:  2    Str: 13    XL:     8   Next: 8%
Magic:  13/16      EV: 24    Int: 17    God:
Gold:   227        SH:  0    Dex: 21    Spells: 8/18 levels left

rFire    . . .     SeeInvis .     - Unarmed
rCold    . . .     Gourm    .   (shield currently unavailable)
rNeg     . . .     Faith    .   (armour currently unavailable)
rPois    x         Spirit   .   (helmet currently unavailable)
rElec    .         Reflect  .   (cloak currently unavailable)
rCorr    .         Harm     .   (gloves currently unavailable)
MR       .....                  (boots currently unavailable)
Stlth    ++........             (no amulet)
HPRegen  0.20/turn              (no ring)
MPRegen  0.15/turn              (no ring)

@: spider-form, drained
A: tiny, distributed training, strong nose
a: End Transformation


You were on level 6 of the Dungeon.
You were not hungry.
You were a venomous arachnid creature.
You visited 1 branch of the dungeon, and saw 7 of its levels.

You collected 227 gold pieces.

Inventory:

Hand Weapons
 e - a +0 dagger
 n - a +1 hunting sling
 s - a +2 mace of holy wrath
   (You took it off an orc on level 6 of the Dungeon)
 u - a +0 war axe
 v - a +1 short sword of electrocution
   (You took it off a wight on level 6 of the Dungeon)
 B - a cursed +1 trident
Missiles
 a - 11 arrows
 l - 3 tomahawks of dispersal (quivered) {!f}
 A - 3 throwing nets {!f}
Armour
 b - a +0 robe (melded)
 f - a +0 ring mail
 g - a +0 ring mail
 z - a +1 robe of magic resistance
   (You took it off a wight on level 6 of the Dungeon)
Jewellery
 y - an uncursed ring of positive energy {unknown}
   (You found it on level 6 of the Dungeon)
Wands
 m - a wand of polymorph (19)
 q - a wand of iceblast (9)
Scrolls
 h - a scroll of random uselessness
 i - a scroll of amnesia
 o - a scroll of blinking {unknown}
 p - a scroll of fear {unknown}
 r - a scroll of fog {unknown}
 w - 2 scrolls of teleportation {unknown}
 x - a scroll of enchant weapon
Potions
 d - a potion of heal wounds
 j - a potion of cancellation
 k - 3 potions of lignification
 t - a potion of degeneration {unknown}
Comestibles
 c - 5 rations


   Skills:
 + Level 3.9(3.3) Fighting
 + Level 2.8(2.3) Short Blades
 + Level 2.8(2.3) Long Blades
 + Level 2.8(2.3) Axes
 + Level 2.8(2.3) Maces & Flails
 + Level 2.8(2.3) Polearms
 + Level 2.8(2.3) Staves
 + Level 2.8(2.3) Slings
 + Level 2.8(2.3) Bows
 + Level 2.8(2.3) Crossbows
 + Level 2.8(2.3) Throwing
 + Level 2.8(2.3) Armour
 + Level 5.4(4.8) Dodging
 + Level 2.8(2.3) Stealth
 + Level 2.8(2.3) Shields
 + Level 7.2(6.5) Unarmed Combat
 + Level 5.8(5.2) Spellcasting
 + Level 2.3(1.8) Conjurations
 + Level 2.3(1.8) Hexes
 + Level 2.3(1.8) Charms
 + Level 2.3(1.8) Summonings
 + Level 2.3(1.8) Necromancy
 + Level 2.3(1.8) Translocations
 + Level 4.5(3.9) Transmutations
 + Level 2.3(1.8) Fire Magic
 + Level 2.3(1.8) Ice Magic
 + Level 2.3(1.8) Air Magic
 + Level 2.3(1.8) Earth Magic
 + Level 2.3(1.8) Poison Magic
 + Level 3.1(2.6) Invocations
 + Level 2.8(2.3) Evocations


You had 8 spell levels left.
You knew the following spells:

 Your Spells              Type           Power        Failure   Level  Hunger
e - Beastly Appendage     Tmut           ###...       10%         1    None
i - Ice Form              Ice/Tmut       ##......     61%         4    ####...
k - Sticks to Snakes      Tmut           ###.....     13%         2    #......
p - Spider Form           Tmut/Pois      ##........   30%         3    ###....


Dungeon Overview and Level Annotations

Branches:
Dungeon (7/15)
 Temple: D:4-7

Altars:
Ashenzari
Dithmenos
Fedhas
Gozag
Hepliaklqana
Nemelex Xobeh
Okawaru
Ru
Sif Muna
Wu Jian
Zin
The Shining One

Shops:
D:5 =


Innate Abilities, Weirdness & Mutations

Your experience applies equally to all skills.
((You have very sharp teeth.))
Your uncanny sense of smell can sniff out nearby items.


Message History

Your transformation is almost over.
Found 3 gold pieces.
Your ball python withers and dies!
You open the door.
Found a throwing net.
Found a glowing golden altar of the Shining One.
Your transformation has ended.
Your +0 robe unmelds from your body.
There is an open door here.
You see here a throwing net {!f}.
A - 3 throwing nets {!f} (gained 1)
There is an open door here.
You open the door.
Found a glowing silver altar of Zin.
There is a fountain of clear blue water here.
You open the door.
Found a shadowy altar of Dithmenos.
You open the door.
Found an opulent altar of Gozag.
You open the door.
There is an open door here.
You see here an enchanted trident.
B - an enchanted trident You open the gate.
A crimson imp comes into view.
The crimson imp shouts!
The crimson imp blinks!
Casting: Spider Form (safe; 14% risk of failure)
Confirm with . or Enter, or press ? or * to list all spells.
You turn into a venomous arachnid creature.
Your +0 robe melds into your body.
The crimson imp blinks!
Casting: Spider Form (safe; 32% risk of failure)
Confirm with . or Enter, or press ? or * to list all spells.
You create a snake!
You now have 11 arrows.
You barely miss the crimson imp. The crimson imp completely misses you.
Your water moccasin misses the crimson imp.
You hit the crimson imp.
The crimson imp is poisoned.
The crimson imp is lightly wounded.
Your water moccasin bites the crimson imp.
The crimson imp hits you.
You hit the crimson imp but do no damage.
The crimson imp looks as sick as possible!
The crimson imp is heavily wounded.
Your water moccasin barely misses the crimson imp.
The crimson imp misses you.
You hit the crimson imp but do no damage.
The crimson imp looks as sick as possible!
The crimson imp is heavily wounded.
Your transformation is almost over.
Your water moccasin barely misses the crimson imp.
Your water moccasin misses the crimson imp.
You hit the crimson imp.
You kill the crimson imp!
Things that are here:
a scroll labeled BAIGAOSADO; 14 gold pieces
w - 2 scrolls labeled BAIGAOSADO (gained 1)
You now have 210 gold pieces (gained 14).
You swap places.
There is an open gate here.
Found 17 gold pieces.
Your transformation has ended.
Your +0 robe unmelds from your body.
You see here 17 gold pieces.
You now have 227 gold pieces (gained 17).
You swap places.
Your water moccasin withers and dies!
There is an open gate here. 2 electric eels come into view.
The goblin shouts! x2
The electric eel shoots out a bolt of lightning at you!
The bolt of electricity hits you!
The electric eel shoots out a bolt of lightning at you!
The bolt of electricity misses the goblin.
The bolt of electricity misses you.
Found an iron altar of Okawaru.
Casting: Sticks to Snakes (safe; 4% risk of failure)
Confirm with . or Enter, or press ? or * to list all spells.
You turn into a venomous arachnid creature.
Your +0 robe melds into your body.
The electric eel shoots out a bolt of lightning at you!
The bolt of electricity hits the goblin.
The goblin dies!
The bolt of electricity hits you!
The electric eel shoots out a bolt of lightning at you!
The bolt of electricity hits you!
* * * LOW HITPOINT WARNING * * *
The electric eel shoots out a bolt of lightning at you!
The bolt of electricity misses you. The goblin completely misses you.
The electric eel shoots out a bolt of lightning at you!
The bolt of electricity hits you!
* * * LOW HITPOINT WARNING * * *
Unknown command.
The electric eel shoots out a bolt of lightning at you!
The bolt of electricity misses you.
The electric eel shoots out a bolt of lightning at you!
The bolt of electricity hits you!
* * * LOW HITPOINT WARNING * * *
The electric eel shoots out a bolt of lightning at you!
The bolt of electricity hits you!
You die...

#.#.#.#≈≈## #..8..#
...#...#≈≈## #.8_8.#
#.#.#.#.#≈≈## #..8..#
.#.⌠.#...#≈≈## #;≈.≈≈#
#.#.#.#.#.#≈≈# #)≈.≈g#
...#...#...#≈###≈≈.;≈#
#.#.#.#.#.#..'.#.....#
.#.⌠.#.⌠.#...'.#.....#
#.#.#.#.#.#..'.#s....#
...#...#...#≈#.......#
#.#.#.#.#.#≈≈##......#
.#.⌠.#...#≈≈###.....##
#.#.#.#.#≈≈## ##...##
...#...#≈≈## #####
#.#.#.#≈≈## ≈#...#≈≈##
≈ ≈≈≈≈≈##


You could see 2 electric eels and a goblin.

Vanquished Creatures
  A sky beast (D:6)
  A phantom (D:5)
  A scorpion (D:6)
  3 wights (D:6)
  3 crimson imps
  A centaur zombie (D:6)
  2 orc priests (D:4)
  2 hounds (D:6)
  A gnoll shaman (D:5)
  2 orc wizards
  2 worker ants (D:6)
  3 gnolls (D:5)
  3 adders
  A shadow imp (D:5)
  An adder skeleton (D:5)
  A worm (D:3)
  A leopard gecko (D:5)
  8 orcs
  3 giant cockroaches
  6 goblins
  4 hobgoblins
  4 kobolds
  2 bats
  2 frilled lizards
  2 rats
60 creatures vanquished.

Vanquished Creatures (collateral kills)
  2 hounds
  2 gnolls (D:5)
  An adder (D:5)
  An adder skeleton (D:6)
6 creatures vanquished.

Vanquished Creatures (others)
  A goblin (D:6)
1 creature vanquished.

Grand Total: 67 creatures vanquished

Notes
Turn   | Place    | Note
-------+----------+-------------------------------------------
     0 | D:1      | tidbits the Gnoll Transmuter began the quest for the Orb.
     0 | D:1      | Reached XP level 1. HP: 17/17 MP: 6/6
    89 | D:1      | Reached XP level 2. HP: 22/23 MP: 4/7
    93 | D:1      | Learned a level 2 spell: Sticks to Snakes
   231 | D:2      | Noticed a crimson imp
   249 | D:2      | Killed a crimson imp
   249 | D:2      | Reached skill level 5 in Spellcasting
   249 | D:2      | Reached skill level 1 in Invocations
   249 | D:2      | Reached XP level 3. HP: 22/28 MP: 2/9
   254 | D:2      | Learned a level 3 spell: Spider Form
   299 | D:2      | Reached skill level 1 in Short Blades
   299 | D:2      | Reached skill level 1 in Long Blades
   299 | D:2      | Reached skill level 1 in Axes
   299 | D:2      | Reached skill level 1 in Maces & Flails
   299 | D:2      | Reached skill level 1 in Polearms
   299 | D:2      | Reached skill level 1 in Staves
   299 | D:2      | Reached skill level 1 in Slings
   299 | D:2      | Reached skill level 1 in Bows
   299 | D:2      | Reached skill level 1 in Crossbows
   299 | D:2      | Reached skill level 1 in Throwing
   299 | D:2      | Reached skill level 1 in Armour
   299 | D:2      | Reached skill level 1 in Stealth
   299 | D:2      | Reached skill level 1 in Shields
   299 | D:2      | Reached skill level 1 in Evocations
   308 | D:2      | Reached XP level 4. HP: 33/34 MP: 1/11
   531 | D:4      | Found a blossoming altar of Fedhas.
   540 | D:4      | Reached skill level 1 in Conjurations
   540 | D:4      | Reached skill level 1 in Hexes
   540 | D:4      | Reached skill level 1 in Charms
   540 | D:4      | Reached skill level 1 in Summonings
   540 | D:4      | Reached skill level 1 in Necromancy
   540 | D:4      | Reached skill level 1 in Translocations
   540 | D:4      | Reached skill level 1 in Fire Magic
   540 | D:4      | Reached skill level 1 in Ice Magic
   540 | D:4      | Reached skill level 1 in Air Magic
   540 | D:4      | Reached skill level 1 in Earth Magic
   540 | D:4      | Reached skill level 1 in Poison Magic
   560 | D:4      | Reached XP level 5. HP: 17/40 MP: 3/12
   561 | D:4      | Reached skill level 3 in Fighting
   631 | D:3      | Found a hazy altar of Hepliaklqana.
   673 | D:5      | Entered Level 5 of the Dungeon
   678 | D:5      | Reached skill level 4 in Transmutations
   692 | D:4      | Found a shattered altar of Ashenzari.
   709 | D:5      | Noticed a phantom
   716 | D:5      | Found Osutoer's Jewellery Boutique.
   723 | D:5      | Killed a phantom
   723 | D:5      | Reached skill level 2 in Invocations
   723 | D:5      | Reached XP level 6. HP: 19/47 MP: 6/13
   782 | D:5      | Found an ornate altar of the Wu Jian Council.
   821 | D:6      | Reached skill level 5 in Dodging
   827 | D:6      | Reached skill level 2 in Short Blades
   827 | D:6      | Reached skill level 2 in Long Blades
   827 | D:6      | Reached skill level 2 in Axes
   827 | D:6      | Reached skill level 2 in Maces & Flails
   827 | D:6      | Reached skill level 2 in Polearms
   827 | D:6      | Reached skill level 2 in Staves
   827 | D:6      | Reached skill level 2 in Slings
   827 | D:6      | Reached skill level 2 in Bows
   827 | D:6      | Reached skill level 2 in Crossbows
   827 | D:6      | Reached skill level 2 in Throwing
   827 | D:6      | Reached skill level 2 in Armour
   827 | D:6      | Reached skill level 2 in Stealth
   827 | D:6      | Reached skill level 2 in Shields
   827 | D:6      | Reached skill level 2 in Evocations
   873 | D:5      | Found a sparkling altar of Nemelex Xobeh.
   984 | D:5      | Reached XP level 7. HP: 22/52 MP: 10/15
   997 | D:5      | Found a sacrificial altar of Ru.
  1116 | D:6      | Reached skill level 7 in Unarmed Combat
  1116 | D:6      | Reached skill level 2 in Conjurations
  1116 | D:6      | Reached skill level 2 in Hexes
  1116 | D:6      | Reached skill level 2 in Charms
  1116 | D:6      | Reached skill level 2 in Summonings
  1116 | D:6      | Reached skill level 2 in Necromancy
  1116 | D:6      | Reached skill level 2 in Translocations
  1116 | D:6      | Reached skill level 2 in Fire Magic
  1116 | D:6      | Reached skill level 2 in Ice Magic
  1116 | D:6      | Reached skill level 2 in Air Magic
  1116 | D:6      | Reached skill level 2 in Earth Magic
  1116 | D:6      | Reached skill level 2 in Poison Magic
  1254 | D:6      | Found a deep blue altar of Sif Muna.
  1310 | D:6      | Learned a level 4 spell: Ice Form
  1330 | D:6      | Reached skill level 3 in Invocations
  1356 | D:6      | Reached XP level 8. HP: 30/60 MP: 7/16
  1392 | D:6      | Found a glowing golden altar of the Shining One.
  1402 | D:6      | Found a glowing silver altar of Zin.
  1405 | D:6      | Found a shadowy altar of Dithmenos.
  1408 | D:6      | Found an opulent altar of Gozag.
  1483 | D:6      | Found an iron altar of Okawaru.
  1488 | D:6      | HP: 5/60 [electric eel/bolt of electricity (9)]
  1488 | D:6      | Killed from afar by an electric eel

Vault maps used:
D:1:      dpeg_arrival_rooms_c
D:3:      nicolae_overflow_hidden_temple
D:4:      ashenzari_conservatory_becter, nicolae_overflow_crystal_walls,
          minmay_temple_entry_butterflies, uniq_grinder, uniq_ijyb
D:5:      hangedman_ru_absence, overflow_temple_1_default, lemuel_round_altar,
          first_ration, serial_shops, shop
D:6:      kennysheep_okawaru_gauntlet, lemuel_doored_altar,
          grunt_temple_overflow_cloverleaf, kennysheep_cluttered_room
D:7:      uniq_pikel

Skill      XL: |  1  2  3  4  5  6  7 |
---------------+----------------------+-----
Spellcasting   | 5 |  5.8
Invocations    | 1 2 3 |  3.1
Short Blades   | 1 2 |  2.8
Long Blades    | 1 2 |  2.8
Axes           | 1 2 |  2.8
Maces & Flails | 1 2 |  2.8
Polearms       | 1 2 |  2.8
Staves         | 1 2 |  2.8
Slings         | 1 2 |  2.8
Bows           | 1 2 |  2.8
Crossbows      | 1 2 |  2.8
Throwing       | 1 2 |  2.8
Armour         | 1 2 |  2.8
Stealth        | 1 2 |  2.8
Shields        | 1 2 |  2.8
Evocations     | 1 2 |  2.8
Conjurations   | 1 2 |  2.3
Hexes          | 1 2 |  2.3
Charms         | 1 2 |  2.3
Summonings     | 1 2 |  2.3
Necromancy     | 1 2 |  2.3
Translocations | 1 2 |  2.3
Fire Magic     | 1 2 |  2.3
Ice Magic      | 1 2 |  2.3
Air Magic      | 1 2 |  2.3
Earth Magic    | 1 2 |  2.3
Poison Magic   | 1 2 |  2.3
Fighting       | 3 |  3.9
Transmutations | 4 |  4.5
Dodging        | 5 |  5.4
Unarmed Combat | 7 |  7.2

Action                   |  1- 3 |  4- 6 |  7- 9 || total
-------------------------+-------+-------+-------++-------
Melee: Unarmed           |    38 |    89 |    56 ||   183
       Headbutt          |     3 |     1 |       ||     4
       Bite              |     1 |       |       ||     1
       Kick              |     2 |     1 |       ||     3
       Punch             |       |     1 |       ||     1
Throw: Stone             |       |     3 |       ||     3
 Cast: Beastly Appendage |     9 |     2 |       ||    11
       Sticks to Snakes  |     5 |     7 |     8 ||    20
       Spider Form       |     1 |    12 |    12 ||    25
  Use: Scroll            |       |     5 |       ||     5
       Potion            |       |     1 |       ||     1
 Stab: Sleeping          |       |     2 |       ||     2
       Distracted        |       |     1 |       ||     1
  Eat: Ration            |     1 |     1 |       ||     2
Armor: Robe              |     3 |     1 |       ||     4
       Skin              |       |     4 |     2 ||     6
Dodge: Dodged            |    26 |    82 |    52 ||   160

Table legend:
 A = Spawn XP
 B = Non-spawn XP
 C = Spawn XP percentage of total XP
 D = Spawn monster count
 E = Non-spawn monster count
 F = Spawn count percentage of total count
 G = Total turns spent on level
                    A         B        C        D         E        F      G
               +---------+---------+-------+---------+---------+-------+---------
         Total |       0 |    1296 |   0.0 |       0 |      66 |   0.0 |  1488
               +---------+---------+-------+---------+---------+-------+---------
           D:1 |       0 |      18 |   0.0 |       0 |      11 |   0.0 |   174
           D:2 |       0 |      74 |   0.0 |       0 |      10 |   0.0 |   223
           D:3 |       0 |      18 |   0.0 |       0 |       6 |   0.0 |   148
           D:4 |       0 |     123 |   0.0 |       0 |       4 |   0.0 |   157
           D:5 |       0 |     348 |   0.0 |       0 |      16 |   0.0 |   299
           D:6 |       0 |     715 |   0.0 |       0 |      19 |   0.0 |   485
               +---------+---------+-------+---------+---------+-------+---------

Table legend:
 A = Turns spent in this place as a percentage of turns spent in the entire game.
 B = Non-inter-level travel turns spent in this place as a percentage of non-inter-level travel turns spent in the entire game.
 C = Inter-level travel turns spent in this place as a percentage of turns spent in this place.
 D = Turns resting spent in this place as a percentage of non-inter-level travel turns spent in this place.
 E = Turns spent auto-exploring this place as a percentage of non-inter-level travel turns spent in this place.
 F = Non-inter-level travel turns spent in this place divided by the number of levels of this place that you've seen.
                   A       B       C       D       E      F
               +-------+-------+-------+-------+-------+----------------------
         Total | 100.0 | 100.0 |   0.0 |   0.0 |   0.0 | 212.6
       Dungeon | 100.0 | 100.0 |   0.0 |   0.0 |   0.0 | 212.6
               +-------+-------+-------+-------+-------+----------------------

Table legend:
 A = Kills in this place as a percentage of kills in entire the game.
 B = Kills by you in this place as a percentage of kills by you in the entire game.
 C = Kills by friends in this place as a percentage of kills by friends in the entire game.
 D = Other kills in this place as a percentage of other kills in the entire game.
 E = Experience gained in this place as a percentage of experience gained in the entire game.
 F = Experience gained in this place divided by the number of levels of this place that you have seen.
                   A       B       C       D       E      F
               +-------+-------+-------+-------+-------+----------------------
         Total | 100.0 | 100.0 | 100.0 |   N/A | 100.0 | 185.1
       Dungeon | 100.0 | 100.0 | 100.0 |   N/A | 100.0 | 185.1
               +-------+-------+-------+-------+-------+----------------------

Vault maps used:
D:1:      dpeg_arrival_rooms_c
D:3:      nicolae_overflow_hidden_temple
D:4:      ashenzari_conservatory_becter, nicolae_overflow_crystal_walls,
          minmay_temple_entry_butterflies, uniq_grinder, uniq_ijyb
D:5:      hangedman_ru_absence, overflow_temple_1_default, lemuel_round_altar,
          first_ration, serial_shops, shop
D:6:      kennysheep_okawaru_gauntlet, lemuel_doored_altar,
          grunt_temple_overflow_cloverleaf, kennysheep_cluttered_room
D:7:      uniq_pikel
